 Dungeon Crawl Stone Soup version 0.23.2-1-ga50397a (webtiles) character file.

Game seed: 11800770592037727761

37 Mrkaede the Chopper (level 3, 0/33 HPs)
             Began as a Minotaur Berserker on May 6, 2019.
             Was a Believer of Trog.
             Slain by a scorpion (2 damage)
             ... on level 1 of the Dungeon.
             The game lasted 00:02:05 (831 turns).

Mrkaede the Chopper (Minotaur Berserker)             Turns: 831, Time: 00:02:06

Health: 0/33       AC:  4    Str: 22    XL:     3   Next: 21%
Magic:  2/2        EV: 12    Int:  4    God:    Trog [**....]
Gold:   79         SH:  0    Dex:  9    Spells: 2/2 levels left

rFire    + . .     SeeInvis .   a - +0 hand axe
rCold    + . .     Gourm    .   (no shield)
rNeg     . . .     Faith    .   l - +0 leather armour
rPois    +         Spirit   .   (helmet restricted)
rElec    +         Reflect  .   (no cloak)
rCorr    +         Harm     .   e - +0 pair of gloves
MR       .....                  (no boots)
Stlth    +.........             (no amulet)
HPRegen  0.11/turn              (no ring)
MPRegen  0.08/turn              (no ring)

@: lethally poisoned (0 -> -2), resistant
A: retaliatory headbutt, horns 2
a: Berserk, Trog's Hand, Renounce Religion


You were on level 1 of the Dungeon.
You worshipped Trog.
Trog was pleased with you.
You were not hungry.

You visited 1 branch of the dungeon, and saw 2 of its levels.

You collected 79 gold pieces.

Inventory:

Hand Weapons
 a - a +0 hand axe (weapon)
Armour
 b - a +0 animal skin
 e - a +0 pair of gloves (worn)
 l - a +0 leather armour (worn)
Jewellery
 g - an uncursed ring of resist corrosion {unknown}
Scrolls
 f - 2 scrolls of identify {unknown}
 h - 4 scrolls of remove curse {unknown}
 j - a scroll of random uselessness {unknown}
 m - a scroll of teleportation {unknown}
Potions
 k - a potion of lignification {unknown}
Comestibles
 c - 3 rations
 d - 2 chunks of flesh


   Skills:
 * Level 4.1 Fighting
 * Level 4.3 Axes
 + Level 0.1 Throwing
 * Level 2.8 Armour
 * Level 2.4 Dodging
 + Level 0.3 Unarmed Combat


You had 2 spell levels left.
You didn't know any spells.
Your spell library was empty.

Dungeon Overview and Level Annotations

Branches:
Dungeon (2/15)

Altars:


Innate Abilities, Weirdness & Mutations

You reflexively headbutt those who attack you in melee.
You have a pair of horns on your head.


Message History

The scorpion is moderately wounded.
You feel sick. The scorpion stings you!
You are too injured to fight recklessly!
The scorpion barely misses you.
You see here a bat corpse.
You feel sick.
The giant cockroach waves its antennae.
You feel sick.
You feel sick.
You feel sick.
There is a stone staircase leading up here.
The scorpion stings you.
* * * LOW HITPOINT WARNING * * *
You climb upwards.
There is a stone staircase leading down here.
It was a potion of resistance.
You feel protected.
* * * LOW HITPOINT WARNING * * *
You feel sick. The scorpion stings you.
You die...

#.# #.##.###.#####.#### #.#
#.# #.##.##.........รท.# #.#
#.# #.##.##..#.###.##.####.##
#.# #...........#....#.......
#.# ####.##........##.#.#####
#.# #.##........##.#.# #.#
#.##......#.##.#.#
#[#######.##.#s..#...#.#.##
#............@..........#.##
###.######.###...#...#.###.##
#.(.............##...## ##.#
##.######.###...##.##.###)##
#.# #.# ######.###.#.## #.#
#.# #.# ##.## ##.# #.# #.#
### #..# #.# #.# #.## #.# #.#


You could see a scorpion.

Vanquished Creatures
  An adder (D:2)
  A dart slug (D:1)
  A leopard gecko (D:1)
  2 giant cockroaches (D:1)
  2 goblins
  3 hobgoblins (D:1)
  2 quokkas (D:2)
  7 bats
  2 frilled lizards (D:1)
  A kobold (D:1)
  3 rats
25 creatures vanquished.

Notes
Turn   | Place    | Note
-------+----------+-------------------------------------------
     0 | D:1      | Mrkaede the Minotaur Berserker began the quest for the Orb.
     0 | D:1      | Reached XP level 1. HP: 19/19 MP: 0/0
     6 | D:1      | Noticed a black mamba
     6 | D:1      | Noticed a hound
     6 | D:1      | Noticed a polar bear
     6 | D:1      | Noticed a crocodile
    97 | D:1      | Reached XP level 2. HP: 27/27 MP: 1/1
   759 | D:2      | Reached XP level 3. HP: 30/33 MP: 2/2
   764 | D:2      | Reached ** piety under Trog
   813 | D:2      | Noticed a scorpion
   831 | D:1      | Slain by a scorpion

Skill      XL: |  1  2 |
---------------+-------+-----
Axes           | 4 |  4.3
Fighting       | 4 |  4.1
Throwing       | |  0.1
Armour         | |  2.8
Dodging        | |  2.4
Unarmed Combat | |  0.3

Action                   || total
-------------------------++-------
Melee: Hand axe          ||    45
       Headbutt          ||     6
  Use: Potion            ||     1
Armor: Animal skin       ||     5
       Skin              ||     2
       Leather armour    ||     2
Dodge: Dodged            ||    39
